 Dungeon Crawl Stone Soup version 0.16.2-12-gd0ad4c3 (webtiles) character file.

11090 Peloso the Blocker (level 11, -5/97 HPs)
             Began as a Minotaur Fighter on Oct 6, 2015.
             Was a High Priest of Okawaru.
             Slain by a death yak (18 damage)
             ... on level 3 of the Lair of Beasts.
             The game lasted 00:48:30 (13300 turns).

Peloso the Blocker (Minotaur Fighter)              Turns: 13300, Time: 00:48:30

Health: -5/97      AC: 18    Str: 26    XL:     11   Next: 44%
Magic:  14/14      EV:  9    Int:  5    God:    Okawaru [*****.]
Gold:   608        SH: 13    Dex: 11    Spells: 0 memorised, 10 levels left

rFire  . . .     SeeInvis +     m - +1 falchion (elec)
rCold  . . .     Clarity  .     O - +0 plate armour
rNeg   . . .     SustAb   .     c - +0 shield
rPois  +         Gourm    .     (helmet restricted)
rElec  +         Spirit   .     h - +0 cloak
rCorr  +         Warding  .     (no gloves)
rMut   .         Stasis   .     w - +1 pair of boots
MR     .....                    z - amulet of resist corrosion
Stlth  ..........               f - ring of poison resistance
                                L - ring "Graejel" {+Blink rElec MR- MP+9 Str+3 SInv}

@: about to teleport, not resistant to hostile enchantments, extremely
unstealthy
A: retaliatory headbutt, hooves 1, horns 2
a: Heroism, Finesse, Renounce Religion, Evoke Blink


You were on level 3 of the Lair of Beasts.
You worshipped Okawaru.
Okawaru was extremely pleased with you.
You were near starving.

You visited 3 branches of the dungeon, and saw 14 of its levels.
You also visited: Ossuary.

You collected 608 gold pieces.

Inventory:

Hand weapons
 a - a +1 long sword of freezing
 l - a +1 hunting sling of flaming
 m - a +1 falchion of electrocution (weapon)
 P - a +2 scimitar
Missiles
 p - 23 sling bullets
Armour
 c - a +0 shield (worn)
 h - a +0 cloak (worn)
 w - a +1 pair of boots (worn)
 O - a +0 plate armour (worn)
Rods
 o - a +4 rod of inaccuracy (11/11)
   (You found it on level 1 of the Lair of Beasts)
Jewellery
 f - a ring of poison resistance (right hand)
 n - an uncursed ring of see invisible
 r - a +5 ring of protection
 y - an uncursed ring of protection from cold
 z - an amulet of resist corrosion (around neck)
 L - the ring "Graejel" (left hand) {+Blink rElec MR- MP+9 Str+3 SInv}
   (You took it off a kobold on level 5 of the Dungeon)

   [ring of magical power]

   It affects your strength (+3).
   It insulates you from electricity.
   It affects your resistance to hostile enchantments.
   It affects your magic capacity (+9).
   It enhances your eyesight.
   It lets you blink.
Magical devices
 x - a wand of draining (8)
 W - a wand of digging (14)
Scrolls
 q - 4 scrolls of remove curse
 u - a scroll of blinking
 B - a scroll of identify
 C - a scroll of fog
 D - 2 scrolls of magic mapping
 E - 3 scrolls of teleportation
 G - a scroll of fear
 H - 3 scrolls of enchant weapon
Potions
 b - a potion of flight
 e - 2 potions of might
 i - 7 potions of curing
 k - 2 potions of invisibility
 s - 2 potions of agility
 t - a potion of haste
 v - 3 potions of poison {unknown}
 J - 2 potions of resistance
 M - 3 potions of heal wounds {unknown}
Comestibles
 d - 6 bread rations
 g - 5 chunks of flesh
 j - 10 meat rations
 A - 5 fruits
 F - a poisonous chunk of flesh
 N - 7 beef jerkies


   Skills:
 + Level 9.5 Fighting
 + Level 10.6 Long Blades
 + Level 0.2 Slings
 + Level 10.2 Armour
 + Level 6.7 Dodging
 + Level 1.5 Stealth
 + Level 12.0 Shields
 + Level 0.6 Invocations
 + Level 0.2 Evocations


You had 10 spell levels left.
You didn't know any spells.

Dungeon Overview and Level Annotations

Branches:
Dungeon (10/15)            Temple (1/1) D:4            Lair (3/8) D:9
  Swamp: Lair:3-6    Shoals: Lair:3-6     Snake: Lair:3-6    Spider: Lair:3-6
    Orc: D:9-12

Altars:
Ashenzari
Cheibriados
Dithmenos
Elyvilon
Fedhas
Gozag
Kikubaaqudgha
Makhleb
Nemelex Xobeh
Okawaru
Qazlal
Ru
Sif Muna
Trog
Vehumet
Xom
Yredelemnul
Zin
The Shining One

Shops:
D:6 ?   D:7 (([:

Annotations:
D:7 1 runed door


Innate Abilities, Weirdness & Mutations

You reflexively headbutt those who attack you in melee.
You have a pair of horns on your head.
You have large cloven feet.


Message History

The death yak gores you but does no damage.
You hit the death yak but do no damage.
The death yak is heavily wounded.
You block the death yak's attack. The death yak misses you.
You block the death yak's attack.
The death yak gores you but does no damage.
Unknown command.
Read which item? (? for menu, Esc to quit)
As you read the scroll of teleportation, it crumbles to dust.
You feel strangely unstable. You block the death yak's attack.
The death yak gores you!
* * * LOW HITPOINT WARNING * * *
The death yak gores you!
* * * LOW HITPOINT WARNING * * *
You block the death yak's attack.
You slash the death yak!
You headbutt the death yak, but do no damage.
The death yak is severely wounded.
The death yak closely misses you. The death yak gores you!!
You die...

.[.#.........######..........#
#..#..#.+#.P#.## ##.##.####.#
#..#.###.......# ####.# #.#.##
####....# #..# #.#########.#..##
#..#### # #.#.............#
##+#.#.##.# #.#..>..........#
#........##
#.#............Y#####.........#
#.#...........YY@##.+.........#
#..............Y#Y#...........###
#.#.........รท...#...#............
#.##........)...'.###........+..#
#............#####........P###
#............# #P........##
#....#.#..#.# ##.###.#+.#
.##......#.# ### ###..#
.........### ###..#


You could see 5 death yaks.

Vanquished Creatures
  A death yak (Lair:3)
  Erolcha (D:10)
  A spiny frog (Lair:2)
  A gargoyle (D:9)
  A komodo dragon (Lair:2)
  Prince Ribbit (D:8)
  3 basilisks
  A wyvern (D:8)
  A deep elf fighter (D:9)
  A yak (D:9)
  A hippogriff (D:8)
  8 water moccasins
  7 porcupines
  6 wolves (Lair:1)
  2 black bears
  A sky beast (D:9)
  3 phantoms
  The ghost of Vex the Ruffian, an average TrMo (D:3)
  2 ice beasts
  A necrophage (D:8)
  3 orc warriors
  5 ogres
  3 crocodiles
  9 centaurs
  Sigmund (D:2)
  An elf zombie (Ossuary)
  A wyvern zombie (D:8)
  6 giant frogs
  2 scorpions (D:8)
  5 wights (D:6)
  A water moccasin skeleton (D:7)
  6 killer bees
  A centaur zombie (D:9)
  3 jellies
  4 crimson imps
  3 goliath beetles
  2 orc priests (D:8)
  4 hounds
  10 worker ants
  2 centaur skeletons
  7 iguanas
  6 orc wizards
  A gnoll shaman (D:6)
  2 hound zombies
  4 mummies (Ossuary)
  11 river rats
  13 adders
  10 gnolls
  3 shadow imps
  2 giant mites
  3 worms
  4 adder zombies
  8 giant geckos
  2 oozes
  30 orcs
  19 bats
  4 bat skeletons
  10 giant cockroaches
  2 gnoll zombies (Ossuary)
  8 goblins
  11 hobgoblins
  10 jackals
  10 kobolds
  6 quokkas
  A ball python (D:3)
  A giant gecko skeleton (D:4)
  2 giant newts
  2 goblin zombies (Ossuary)
  3 jackal zombies
  2 kobold zombies (Ossuary)
  An orc zombie (Ossuary)
  A quokka zombie (D:5)
  21 rats
  A plant (Lair:2)
337 creatures vanquished.

Vanquished Creatures (others)
  A plant (Lair:1)
1 creature vanquished.

Grand Total: 338 creatures vanquished

Notes
Turn   | Place    | Note
--------------------------------------------------------------
     0 | D:1      | Peloso, the Minotaur Fighter, began the quest for the Orb.
     0 | D:1      | Reached XP level 1. HP: 19/19 MP: 1/1
    89 | D:1      | Reached XP level 2. HP: 24/27 MP: 1/1
   269 | D:1      | Reached skill level 4 in Shields
   813 | D:1      | Reached XP level 3. HP: 33/33 MP: 2/2
  1191 | D:2      | Found a radiant altar of Vehumet.
  1202 | D:2      | Found a snail-covered altar of Cheibriados.
  1273 | D:2      | Reached skill level 1 in Dodging
  1407 | D:2      | Reached XP level 4. HP: 37/40 MP: 2/2
  1696 | D:2      | Found a bloodstained altar of Trog.
  1696 | D:2      | Noticed Sigmund
  1715 | D:2      | Killed Sigmund
  1715 | D:2      | Reached XP level 5. HP: 21/46 MP: 2/2
  2139 | D:3      | Noticed Vex's ghost (average TrMo)
  2152 | D:3      | Killed Vex's ghost
  2152 | D:3      | Reached skill level 5 in Armour
  2152 | D:3      | Reached XP level 6. HP: 21/53 MP: 3/3
  2302 | D:3      | Found a sacrificial altar of Ru.
  2599 | D:4      | Found a staircase to the Ecumenical Temple.
  2744 | Temple   | Entered the Ecumenical Temple
  2758 | Temple   | Became a worshipper of Warmaster Okawaru
  2947 | D:4      | Reached skill level 5 in Shields
  3258 | D:4      | Reached XP level 7. HP: 38/60 MP: 3/3
  3743 | D:5      | Entered Level 5 of the Dungeon
  3762 | D:5      | Found a shadowy altar of Dithmenos.
  3789 | D:5      | Reached skill level 5 in Fighting
  3907 | D:5      | Found a sand-covered staircase.
  3921 | Ossuary  | Entered an ossuary
  3982 | Ossuary  | Reached skill level 5 in Long Blades
  4529 | Ossuary  | Reached skill level 6 in Armour
  4931 | D:5      | Acquired Okawaru's first power
  4931 | D:5      | Reached XP level 8. HP: 69/69 MP: 3/3
  4934 | D:5      | Got a warped lead ring
  4938 | D:5      | Identified the ring "Graejel" {+Blink rElec MR- MP+9 Str+3 SInv} (You took it off a kobold on level 5 of the Dungeon)
  5335 | D:6      | Found a sparkling altar of Nemelex Xobeh.
  5486 | D:6      | Reached skill level 7 in Armour
  5531 | D:6      | Found Tweem's Magic Scroll Emporium.
  5694 | D:6      | Reached skill level 5 in Dodging
  6359 | D:7      | Found Ygast's Antique Weapon Shop.
  6364 | D:7      | Found Crulanne's Weapon Shoppe.
  6714 | D:7      | Found a glowing golden altar of the Shining One.
  6714 | D:7      | Found a runed door.
  6714 | D:7      | Noticed an angel
  6780 | D:7      | Reached XP level 9. HP: 76/78 MP: 4/4
  6807 | D:7      | Found Thrucosmagoa's Armour Shoppe.
  6855 | D:7      | Reached skill level 1 in Stealth
  6928 | D:7      | Reached skill level 8 in Shields
  6964 | D:7      | Found Katzoav's Book Emporium.
  7334 | D:8      | Noticed Prince Ribbit
  7368 | D:8      | Killed Prince Ribbit
  7605 | D:8      | Reached skill level 9 in Shields
  7741 | D:8      | Reached XP level 10. HP: 44/88 MP: 4/4
  8623 | D:8      | Found a stormy altar of Qazlal.
  9009 | D:9      | Found a staircase to the Lair.
  9017 | D:9      | Identified a scroll of acquirement
  9020 | D:9      | Got a pitted shield
  9031 | D:9      | Identified the -5 shield of Day {rPois Regen+} (You acquired it on level 9 of the Dungeon)
  9315 | D:9      | Reached skill level 10 in Shields
 10525 | D:10     | Entered Level 10 of the Dungeon
 10529 | D:10     | Noticed Erolcha
 10870 | D:10     | Killed Erolcha
 10870 | D:10     | Acquired Okawaru's second power
 11301 | D:10     | Noticed a centaur warrior
 11302 | D:10     | Noticed a seven-headed hydra
 11632 | Lair:1   | Entered Level 1 of the Lair of Beasts
 11741 | Lair:1   | Reached skill level 10 in Long Blades
 11741 | Lair:1   | Reached skill level 11 in Shields
 11751 | Lair:1   | Reached XP level 11. HP: 65/97 MP: 5/5
 11992 | Lair:1   | Gained mutation: You have large cloven feet. [potion of beneficial mutation]
 12430 | Lair:2   | Received a gift from Okawaru
 13125 | Lair:3   | Reached skill level 10 in Armour
 13150 | Lair:3   | Got a polished leather armour
 13161 | Lair:3   | Identified the cursed -2 leather armour "Idifoseu" {Int+7} (You found it on level 3 of the Lair of Beasts)
 13253 | Lair:3   | Noticed a death yak
 13253 | Lair:3   | Noticed a death yak
 13253 | Lair:3   | Noticed a death yak
 13254 | Lair:3   | Noticed a death yak
 13254 | Lair:3   | Noticed a death yak
 13255 | Lair:3   | Noticed a death yak
 13291 | Lair:3   | Killed a death yak
 13291 | Lair:3   | Reached skill level 12 in Shields
 13300 | Lair:3   | Slain by a death yak

Action                   |  1- 3 |  4- 6 |  7- 9 | 10-12 || total
-------------------------+-------+-------+-------+-------++-------
Melee: Long sword        |    72 |   193 |   479 |   348 ||  1092
       Scimitar          |       |       |     9 |       ||     9
       Falchion          |       |       |       |   107 ||   107
 Fire: Hunting sling     |     2 |       |       |       ||     2
Invok: Heroism           |       |       |     1 |       ||     1
Evoke: Wand              |       |       |     1 |       ||     1
  Use: Potion            |       |     1 |     4 |     1 ||     6
       Scroll            |       |     8 |     9 |    11 ||    28
  Eat: Chunk             |     2 |     5 |    11 |    15 ||    33
       Pizza             |       |       |     2 |     1 ||     3
       Beef jerky        |       |       |       |     1 ||     1
